 Dungeon Crawl Stone Soup version 0.21.1-1-g345015fe64 (webtiles) character file.

12700 RUZZLEFAZAZZLE the Blocker (level 11, -3/89 HPs)
             Began as a Gnoll Fighter on Feb 9, 2018.
             Was the Champion of Cheibriados.
             Slain by a very large slime creature (39 damage)
             ... on level 12 of the Dungeon.
             The game lasted 00:34:35 (10248 turns).

RUZZLEFAZAZZLE the Blocker (Gnoll Fighter)         Turns: 10248, Time: 00:34:35

Health: -3/89      AC: 21    Str: 37    XL:     11   Next: 97%
Magic:  21/21      EV: 12    Int: 26    God:    Cheibriados [******]
Gold:   660        SH: 22    Dex: 29    Spells: 23/23 levels left

rFire    . . .     SeeInvis .   a - +1 war axe (flame)
rCold    . . .     Gourm    .   B - +1 large shield {rPois}
rNeg     + . .     Faith    .   b - +0 plate armour
rPois    +         Spirit   .   F - +2 helmet
rElec    .         Reflect  .   s - +0 cloak
rCorr    .         Harm     .   q - +0 pair of gloves
MR       +....                  y - +0 pair of boots
Stlth    ..........             (no amulet)
HPRegen  0.24/turn              j - ring of positive energy
MPRegen  0.17/turn              x - ring of protection from magic

@: very slow
A: distributed training, fangs 1, strong nose
a: Bend Time, Temporal Distortion, Slouch, Step From Time, Renounce Religion


You were on level 12 of the Dungeon.
You worshipped Cheibriados.
Cheibriados was exalted by your worship.
You were not hungry.

You visited 2 branches of the dungeon, and saw 13 of its levels.

You collected 660 gold pieces.

Inventory:

Hand Weapons
 a - a +1 war axe of flaming (weapon)
Armour
 b - a +0 plate armour (worn)
 q - a +0 pair of gloves (worn)
 s - a +0 cloak (worn)
 y - a +0 pair of boots (worn)
 B - a +1 large shield of poison resistance (worn)
 F - a +2 helmet (worn)
Jewellery
 j - a ring of positive energy (left hand)
 r - an uncursed amulet of guardian spirit
 t - an uncursed ring of fire
 x - a ring of protection from magic (right hand)
Wands
 p - a wand of paralysis (17)
 D - a wand of flame (28)
 H - a wand of digging (13)
Scrolls
 e - a scroll of teleportation
 g - 3 scrolls of identify
 h - 3 scrolls of enchant weapon
 i - 3 scrolls of fog
 k - 4 scrolls of amnesia
 l - a scroll of enchant armour
 n - 7 scrolls of remove curse
 u - a scroll of blinking
 v - 3 scrolls of immolation
 A - a scroll of brand weapon
Potions
 c - 3 potions of resistance
 d - 2 potions of might
 m - 2 potions of agility
 o - 5 potions of lignification
 w - 5 potions of curing
 z - a potion of ambrosia
 C - 2 potions of cancellation
 E - a potion of brilliance
 G - 2 potions of flight
Miscellaneous
 J - a lightning rod (4/4)
Comestibles
 f - 23 rations
 I - 5 chunks of flesh


   Skills:
 + Level 9.4 Fighting
 + Level 6.6 Short Blades
 + Level 6.6 Long Blades
 + Level 8.2 Axes
 + Level 6.6 Maces & Flails
 + Level 6.6 Polearms
 + Level 6.6 Staves
 + Level 6.6 Slings
 + Level 6.6 Bows
 + Level 6.6 Crossbows
 + Level 6.6 Throwing
 + Level 9.4 Armour
 + Level 6.6 Dodging
 + Level 6.6 Stealth
 + Level 9.4 Shields
 + Level 6.6 Unarmed Combat
 + Level 6.6 Spellcasting
 + Level 5.5 Conjurations
 + Level 5.5 Hexes
 + Level 5.5 Charms
 + Level 5.5 Summonings
 + Level 5.5 Necromancy
 + Level 5.5 Translocations
 + Level 5.5 Transmutations
 + Level 5.5 Fire Magic
 + Level 5.5 Ice Magic
 + Level 5.5 Air Magic
 + Level 5.5 Earth Magic
 + Level 5.5 Poison Magic
 + Level 7.3 Invocations
 + Level 6.6 Evocations


You had 23 spell levels left.
You didn't know any spells.

Dungeon Overview and Level Annotations

Branches:
Dungeon (12/15)            Temple (1/1) D:5            Lair (0/6) D:8
    Orc (0/2) D:11

Altars:
Ashenzari
Cheibriados
Dithmenos
Elyvilon
Fedhas
Gozag
Hepliaklqana
Kikubaaqudgha
Makhleb
Nemelex Xobeh
Okawaru
Qazlal
Ru
Sif Muna
Trog
Uskayaw
Vehumet
Wu Jian
Xom
Yredelemnul
Zin
The Shining One
Jiyva
Lugonu

Shops:
D:5 [   D:6 (

Annotations:
D:10 exclusion: ice statue


Innate Abilities, Weirdness & Mutations

Your experience applies equally to all skills.
You have very sharp teeth.
Your uncanny sense of smell can sniff out nearby items.


Message History

Ouch! That really hurt!
You hit the very large slime creature. You burn the very large slime creature.
The very large slime creature is heavily wounded.
You block the very large slime creature's attack.
You hit the very large slime creature. You burn the very large slime creature.
The very large slime creature is heavily wounded.
You block the very large slime creature's attack.
Okay, then.
You hit the very large slime creature but do no damage.
The very large slime creature is heavily wounded.
The very large slime creature barely misses you.
You slice the very large slime creature!!
You burn the very large slime creature.
The very large slime creature is severely wounded.
You block the very large slime creature's attack.
You slice the very large slime creature!!
You burn the very large slime creature! You bite the very large slime creature!
The very large slime creature is almost dead.
The very large slime creature hits you!!!
You die...

#. .. ..###### #. .
#....(. #.###. #......
#....#########......
####....##.....##......
........##.....##......
#...))[)....''......
###.###.....##......
#@# #.....##...... #J#
############## ∆ ...
....# .).... ####....
..... ......


You could see a very large slime creature.

Vanquished Creatures
  A two-headed ogre (D:8)
  4 ice devils (D:10)
  A queen bee (D:11)
  A hornet (D:11)
  5 hippogriffs
  17 yaks
  A wraith (D:10)
  The ghost of DildoBatman the Sneak, an amateur FoEn (D:4)
  2 hungry ghosts
  A water moccasin (D:7)
  2 ice beasts
  2 sky beasts
  4 orc warriors
  A swamp drake (D:11)
  A phantom (D:10)
  3 necrophages (D:8)
  6 centaurs
  11 ogres
  5 bullfrogs
  2 big kobolds
  A wyvern skeleton (D:9)
  4 scorpions
  26 killer bees
  6 wights
  2 howler monkeys (D:4)
  7 crimson imps
  2 centaur zombies
  2 bullfrog zombies
  2 bullfrog skeletons
  10 orc priests
  8 jellies
  5 hounds
  14 orc wizards
  A centaur skeleton (D:9)
  An iguana (D:6)
  Jessica (D:2)
  4 worker ants
  Ijyb (D:3)
  2 hound skeletons
  A mummy (D:8)
  2 worker ant zombies
  2 howler monkey skeletons
  6 adders
  2 shadow imps
  6 ufetubi (D:10)
  5 oozes (D:9)
  4 worms
  A dart slug (D:2)
  5 leopard geckos
  39 orcs
  4 bats
  10 giant cockroaches
  8 goblins
  10 hobgoblins
  7 jackals
  3 quokkas
  A ball python (D:6)
  12 frilled lizards
  14 kobolds
  12 rats
324 creatures vanquished.

Vanquished Creatures (others)
  4 toadstools (D:1)
4 creatures vanquished.

Grand Total: 328 creatures vanquished

Notes
Turn   | Place    | Note
-------+----------+-------------------------------------------
     0 | D:1      | RUZZLEFAZAZZLE the Gnoll Fighter began the quest for the Orb.
     0 | D:1      | Reached XP level 1. HP: 23/23 MP: 1/1
   307 | D:1      | Reached XP level 2. HP: 29/29 MP: 2/2
   778 | D:2      | Reached XP level 3. HP: 35/35 MP: 3/3
   855 | D:2      | Noticed Jessica
   862 | D:2      | Killed Jessica
   862 | D:2      | Reached skill level 1 in Short Blades
   862 | D:2      | Reached skill level 1 in Long Blades
   862 | D:2      | Reached skill level 1 in Maces & Flails
   862 | D:2      | Reached skill level 1 in Polearms
   862 | D:2      | Reached skill level 1 in Staves
   862 | D:2      | Reached skill level 1 in Slings
   862 | D:2      | Reached skill level 1 in Bows
   862 | D:2      | Reached skill level 1 in Crossbows
   862 | D:2      | Reached skill level 1 in Throwing
   862 | D:2      | Reached skill level 1 in Dodging
   862 | D:2      | Reached skill level 1 in Stealth
   862 | D:2      | Reached skill level 1 in Unarmed Combat
   862 | D:2      | Reached skill level 1 in Spellcasting
   862 | D:2      | Reached skill level 1 in Invocations
   862 | D:2      | Reached skill level 1 in Evocations
   880 | D:2      | Reached XP level 4. HP: 37/41 MP: 5/5
   977 | D:2      | Found a faded altar of an unknown god.
  1172 | D:2      | Found a burning altar of Makhleb.
  1175 | D:2      | Reached skill level 1 in Conjurations
  1175 | D:2      | Reached skill level 1 in Hexes
  1175 | D:2      | Reached skill level 1 in Charms
  1175 | D:2      | Reached skill level 1 in Summonings
  1175 | D:2      | Reached skill level 1 in Necromancy
  1175 | D:2      | Reached skill level 1 in Translocations
  1175 | D:2      | Reached skill level 1 in Transmutations
  1175 | D:2      | Reached skill level 1 in Fire Magic
  1175 | D:2      | Reached skill level 1 in Ice Magic
  1175 | D:2      | Reached skill level 1 in Air Magic
  1175 | D:2      | Reached skill level 1 in Earth Magic
  1175 | D:2      | Reached skill level 1 in Poison Magic
  1275 | D:2      | Noticed a moth of wrath
  1278 | D:2      | Found a bloodstained altar of Trog.
  1437 | D:3      | Noticed Ijyb
  1452 | D:3      | Reached XP level 5. HP: 36/47 MP: 6/6
  1456 | D:3      | Killed Ijyb
  1918 | D:3      | Reached XP level 6. HP: 51/53 MP: 6/8
  1962 | D:3      | Found a sparkling altar of Nemelex Xobeh.
  2242 | D:3      | Found a glowing golden altar of the Shining One.
  2372 | D:4      | Reached skill level 5 in Axes
  2567 | D:4      | Noticed DildoBatman's ghost (amateur FoEn)
  2576 | D:4      | Killed DildoBatman's ghost
  2576 | D:4      | Reached XP level 7. HP: 52/59 MP: 7/10
  3026 | D:5      | Entered Level 5 of the Dungeon
  3293 | D:5      | Found a staircase to the Ecumenical Temple.
  3301 | Temple   | Entered the Ecumenical Temple
  3408 | D:5      | Found a snail-covered altar of Cheibriados.
  3411 | D:5      | Became a worshipper of Cheibriados the Contemplative
  3861 | D:5      | Reached XP level 8. HP: 59/67 MP: 9/12
  4003 | D:5      | Found Efucec's Armour Boutique.
  4037 | D:5      | Found a hazy altar of Hepliaklqana.
  4302 | D:6      | Found a glowing golden altar of the Shining One.
  4378 | D:6      | Found Laobb's Antique Weapon Boutique.
  4521 | D:6      | Found a shimmering altar of Xom.
  4522 | D:6      | Found a shimmering altar of Xom.
  4523 | D:6      | Found a shimmering altar of Xom.
  4525 | D:6      | Found a shimmering altar of Xom.
  4562 | D:6      | Was placed under penance by Cheibriados
  4567 | D:6      | Was forgiven by Cheibriados
  4738 | D:6      | Reached XP level 9. HP: 46/72 MP: 10/14
  4752 | D:6      | Found a deep blue altar of Sif Muna.
  4996 | D:6      | Found a shattered altar of Ashenzari.
  5121 | D:7      | Reached * piety under Cheibriados
  5366 | D:7      | Reached ** piety under Cheibriados
  5644 | D:7      | Found an opulent altar of Gozag.
  5686 | D:7      | Found a shadowy altar of Dithmenos.
  5858 | D:7      | Reached skill level 5 in Invocations
  6186 | D:8      | Found a staircase to the Lair.
  6210 | D:8      | Noticed a two-headed ogre
  6219 | D:8      | Killed a two-headed ogre
  6219 | D:8      | Reached XP level 10. HP: 67/80 MP: 13/17
  6228 | D:8      | Found a glowing silver altar of Zin.
  6293 | D:8      | Reached skill level 5 in Short Blades
  6293 | D:8      | Reached skill level 5 in Long Blades
  6293 | D:8      | Reached skill level 5 in Maces & Flails
  6293 | D:8      | Reached skill level 5 in Polearms
  6293 | D:8      | Reached skill level 5 in Staves
  6293 | D:8      | Reached skill level 5 in Slings
  6293 | D:8      | Reached skill level 5 in Bows
  6293 | D:8      | Reached skill level 5 in Crossbows
  6293 | D:8      | Reached skill level 5 in Throwing
  6293 | D:8      | Reached skill level 5 in Dodging
  6293 | D:8      | Reached skill level 5 in Stealth
  6293 | D:8      | Reached skill level 5 in Unarmed Combat
  6293 | D:8      | Reached skill level 5 in Spellcasting
  6293 | D:8      | Reached skill level 5 in Evocations
  6480 | D:8      | Reached *** piety under Cheibriados
  6507 | D:8      | Found a blossoming altar of Fedhas.
  7017 | D:8      | Found an iron altar of Okawaru.
  7194 | D:9      | Reached **** piety under Cheibriados
  7414 | D:9      | Found a white marble altar of Elyvilon.
  7620 | D:9      | Reached XP level 11. HP: 87/87 MP: 19/19
  7637 | D:9      | Found a viscous altar of Jiyva.
  8136 | D:10     | Entered Level 10 of the Dungeon
  8179 | D:10     | Reached ***** piety under Cheibriados
  8282 | D:10     | Reached skill level 5 in Conjurations
  8282 | D:10     | Reached skill level 5 in Hexes
  8282 | D:10     | Reached skill level 5 in Charms
  8282 | D:10     | Reached skill level 5 in Summonings
  8282 | D:10     | Reached skill level 5 in Necromancy
  8282 | D:10     | Reached skill level 5 in Translocations
  8282 | D:10     | Reached skill level 5 in Transmutations
  8282 | D:10     | Reached skill level 5 in Fire Magic
  8282 | D:10     | Reached skill level 5 in Ice Magic
  8282 | D:10     | Reached skill level 5 in Air Magic
  8282 | D:10     | Reached skill level 5 in Earth Magic
  8282 | D:10     | Reached skill level 5 in Poison Magic
  9599 | D:11     | Found a staircase to the Orcish Mines.
  9738 | D:11     | Reached ****** piety under Cheibriados
 10248 | D:12     | Slain by a very large slime creature

Skill      XL: |  1  2  3  4  5  6  7  8  9 10 11 |
---------------+----------------------------------+-----
Short Blades   | 1 2 3 4 5 6 |  6.6
Long Blades    | 1 2 3 4 5 6 |  6.6
Maces & Flails | 1 2 3 4 5 6 |  6.6
Polearms       | 1 2 3 4 5 6 |  6.6
Staves         | 1 2 3 4 5 6 |  6.6
Slings         | 1 2 3 4 5 6 |  6.6
Bows           | 1 2 3 4 5 6 |  6.6
Crossbows      | 1 2 3 4 5 6 |  6.6
Throwing       | 1 2 3 4 5 6 |  6.6
Dodging        | 1 2 3 4 5 6 |  6.6
Stealth        | 1 2 3 4 5 6 |  6.6
Unarmed Combat | 1 2 3 4 5 6 |  6.6
Spellcasting   | 1 2 3 4 5 6 |  6.6
Invocations    | 1 2 3 4 5 6 7 |  7.3
Evocations     | 1 2 3 4 5 6 |  6.6
Conjurations   | 1 2 3 4 5 |  5.5
Hexes          | 1 2 3 4 5 |  5.5
Charms         | 1 2 3 4 5 |  5.5
Summonings     | 1 2 3 4 5 |  5.5
Necromancy     | 1 2 3 4 5 |  5.5
Translocations | 1 2 3 4 5 |  5.5
Transmutations | 1 2 3 4 5 |  5.5
Fire Magic     | 1 2 3 4 5 |  5.5
Ice Magic      | 1 2 3 4 5 |  5.5
Air Magic      | 1 2 3 4 5 |  5.5
Earth Magic    | 1 2 3 4 5 |  5.5
Poison Magic   | 1 2 3 4 5 |  5.5
Axes           | 5 6 7 8 |  8.2
Fighting       | 7 8 9 |  9.4
Armour         | 7 8 9 |  9.4
Shields        | 7 8 9 |  9.4

Action                   |  1- 3 |  4- 6 |  7- 9 | 10-12 || total
-------------------------+-------+-------+-------+-------++-------
Melee: War axe           |    70 |   177 |   336 |   420 ||  1003
       Bite              |     5 |    25 |    60 |    89 ||   179
Evoke: Wand              |       |       |       |    54 ||    54
  Use: Potion            |       |     1 |     7 |       ||     8
       Scroll            |       |       |    14 |     6 ||    20
 Stab: Invisible         |       |       |     3 |       ||     3
       Sleeping          |       |       |     1 |       ||     1
       Distracted        |       |       |       |     1 ||     1
  Eat: Chunk             |       |     6 |     3 |     1 ||    10
       Ration            |       |       |     3 |     2 ||     5
Armor: Scale mail        |    23 |    72 |   122 |       ||   217
       Chain mail        |       |       |    10 |       ||    10
       Plate armour      |       |       |     7 |   134 ||   141
Dodge: Dodged            |    25 |    84 |   111 |   113 ||   333
Block: Shield            |    30 |   146 |   131 |       ||   307
       Large shield      |       |       |   161 |   522 ||   683
